NEW YORK Rangers vs DETROIT Red Wings

Created - 11 avril 2024 at 22:56

Goals
1 2 3 OT1 T
NEW YORK Rangers 0 0 4 0 4
DETROIT Red Wings 0 0 4 1 5
Shots
1 2 3 OT1 T
NEW YORK Rangers 6 7 7 1 21
DETROIT Red Wings 13 14 9 3 39

1st period

No Goal

Penalties :
Justin Faulk (NYR) for Slashing (Minor) at 2:00, Tyler Myers (NYR) for Slashing (Minor) at 2:37, Chris Kreider (NYR) for Holding (Minor) at 6:40, Jamie Benn (NYR) for Tripping (Minor) at 10:38, Jamie Benn (NYR) for Roughing (Minor) at 15:37

2nd period

No Goal

Penalties :
Timo Meier (NYR) for Interference (Minor) at 10:24, Sidney Crosby (DET) for Tripping (Minor) at 11:43, Tyler Myers (NYR) for Holding Stick (Minor) at 17:05

3rd period

1. NEW YORK Rangers , Conor Garland 16 (Justin Faulk 49, Timo Meier 43) at 1:29
2. NEW YORK Rangers , Andrew Copp 24 (Kasperi Kapanen 23, Cam Fowler 50) at 7:29
3. NEW YORK Rangers , Chris Kreider 40 (Dante Fabbro 18, Jamie Benn 62) at 7:51
4. DETROIT Red Wings , Alex Ovechkin 33 (Colton Parayko 58, Seth Jones 40) at 8:13
5. DETROIT Red Wings , Zach Hyman 33 (T.J. Brodie 33) at 8:45
6. DETROIT Red Wings , Sidney Crosby 47 (Shayne Gostisbehere 48, Zach Hyman 61) at 18:01 (PP)
7. NEW YORK Rangers , Chris Kreider 41 (Jamie Benn 63) at 19:02
8. DETROIT Red Wings , Zach Hyman 34 (Sidney Crosby 60, Nikita Zadorov 29) at 19:42

Penalties :
Andrew Copp (NYR) for Unsportsmanlike conduct (Minor) at 3:21, Kasperi Kapanen (NYR) for Slashing (Minor) at 13:37, Jared Spurgeon (NYR) for Tripping (Minor) at 17:19

Overtime #1

9. DETROIT Red Wings , Alex Ovechkin 34 (Nikita Zadorov 30) at 0:28

Penalties :
No Penalty

Goalie Stats

Linus Ullmark (NYR), 34 saves from 39 shots - (0,872), OTL, 50-19-7, 60:29 minutes
John Gibson (DET), 17 saves from 21 shots - (0,810), W, 40-25-10, 59:57 minutes

Players Stats for NEW YORK Rangers

Player Name              G  A  P  +/- PIM S  H  SB GA TA FO     MP     PP MP  PK MP  
------------------------------------------------------------------------------------
Andrew Copp              1  0  1   0  2   2  1  1  0  0  2/9    13:00   0:32   1:46 
Brayden Schenn           0  0  0   1  0   2  3  0  0  0  13/24  21:36   0:47   7:55 
Cam Fowler               0  1  1   1  0   0  0  0  0  0  0/0    22:10   0:32   8:31 
Casey Cizikas            0  0  0  -1  0   1  0  0  0  0  2/6     4:19   0:00   0:00 
Chris Kreider            2  0  2  -1  2   5  2  1  0  0  0/0    23:31   0:18   7:40 
Conor Garland            1  0  1   1  0   2  0  0  0  0  1/2    12:54   0:00   0:00 
Dante Fabbro             0  1  1   1  0   0  0  0  0  0  0/0    12:30   0:00   0:00 
Jacob Middleton          0  0  0   1  0   1  2  1  0  0  0/0    14:46   0:00   2:21 
Jamie Benn               0  2  2   0  4   2  1  1  0  0  18/35  22:13   0:32   6:38 
Jared Spurgeon           0  0  0  -1  2   0  0  4  0  0  0/0    25:32   0:47   8:02 
Justin Faulk             0  1  1  -1  2   2  4  1  0  0  0/0    24:44   0:47   7:14 
Kasperi Kapanen          0  1  1   1  2   1  2  0  0  0  0/0    10:38   0:47   0:00 
Kirill Marchenko         0  0  0   1  0   0  0  0  0  0  2/3     9:52   0:00   0:00 
Mats Zuccarello          0  0  0   1  0   1  0  0  0  0  1/2    13:45   0:00   0:00 
Ryan Lomberg             0  0  0  -1  0   0  0  0  0  0  0/0     4:19   0:00   0:00 
Timo Meier               0  1  1   1  2   2  1  0  0  0  1/2    17:56   0:47   4:16 
Tyler Myers              0  0  0   0  4   0  9  2  0  0  0/0    20:43   0:32   6:53 
Vladislav Namestnikov    0  0  0  -2  0   0  1  0  0  0  1/1     8:16   0:14   3:25 

Players Stats for DETROIT Red Wings

Player Name              G  A  P  +/- PIM S  H  SB GA TA FO     MP     PP MP  PK MP  
------------------------------------------------------------------------------------
Alex Ovechkin            2  0  2   0  0   8  3  0  0  0  0/3    20:43   8:49   0:00 
Bryan Rust               0  0  0   0  0   1  0  0  0  0  0/2    19:32   7:42   0:00 
Colton Parayko           0  1  1  -2  0   2  0  1  0  0  0/0    24:47   9:33   0:40 
Corey Perry              0  0  0   1  0   2  1  0  0  0  0/1    11:49   0:00   0:00 
Danton Heinen            0  0  0  -1  0   2  0  0  0  0  1/1     7:06   0:00   0:00 
Jeff Petry               0  0  0   1  0   1  1  1  0  0  0/0    20:25   6:56   0:00 
Josh Anderson            0  0  0  -1  0   0  4  0  0  0  0/1    20:14   8:49   0:00 
Kevin Hayes              0  0  0   0  0   0  1  0  0  0  4/9    11:08   0:00   0:39 
Luke Glendening          0  0  0   0  0   1  0  0  0  0  8/12    8:15   0:00   0:40 
Nikita Zadorov           0  2  2   1  0   2  4  0  0  0  0/0    15:17   0:02   0:39 
Ryan O'Reilly            0  0  0  -1  0   1  0  0  0  0  15/29  20:14   8:49   0:00 
Seth Jones               0  1  1  -2  0   6  3  0  0  0  0/0    24:47   9:33   0:40 
Shayne Gostisbehere      0  1  1   0  0   3  0  0  0  0  0/0    21:45   6:58   0:00 
Sidney Crosby            1  1  2   1  2   3  3  0  0  0  15/24  20:11   7:41   0:00 
T.J. Brodie              0  1  1   1  0   0  1  0  0  0  0/0    13:28   0:00   0:39 
Travis Boyd              0  0  0   0  0   2  0  0  0  0  0/1    11:08   0:00   0:39 
Trevor Lewis             0  0  0  -1  0   1  1  0  0  0  0/1     7:46   0:00   0:40 
Zach Hyman               2  1  3   1  0   4  4  0  0  0  0/0    20:52   7:42   0:00 

3 Stars

1 - Zach Hyman (DET)
2 - Alex Ovechkin (DET)
3 - Nikita Zadorov (DET)

Power Play

NEW YORK Rangers - 0 on 1 Attempt(s) - 0,00%
DETROIT Red Wings - 1 on 10 Attempt(s) - 10,00%

Penalty Kill

NEW YORK Rangers - 9 on 10 Attempt(s) - 90,00% - Score 0 goal in Penalty Kill
DETROIT Red Wings - 1 on 1 Attempt(s) - 100,00% - Score 0 goal in Penalty Kill

Team Stat

NEW YORK Rangers - Hits : 26 - Faceoff Wins : 41 - Blocked Shots : 11 - Penalty Minutes : 20
DETROIT Red Wings - Hits : 26 - Faceoff Wins : 43 - Blocked Shots : 2 - Penalty Minutes : 2

Official

Referees : Garrett Rank and Peter MacDougall
Linesman : Travis Toomey and Brad Kovachik

Game Notes

No Game Note

Finance

Level 1 -- Attendance: 5151 (85,85%) -- Ticket Income $509,949
Level 2 -- Attendance: 4589 (91,78%) -- Ticket Income $270,751
Level 3 -- Attendance: 2000 (100,00%) -- Ticket Income $74,000
Level 4 -- Attendance: 4000 (100,00%) -- Ticket Income $60,000
Luxury Box -- Attendance: 693 (69,30%) -- Ticket Income $144,144
Game was played at the Joe Louis Arena.
Total Attendance: 16433 (91,29%)
Total Ticket Income: $1,058,844
Other Income: $264,711
Total Income: $1,323,555

NEW YORK Rangers

5 vs 5 Forward 
   Center                   Left Wing                Right Wing               Time % Phy DF OF 
 1 Jamie Benn               Chris Kreider            Mats Zuccarello          40     1   2  2  
 2 Brayden Schenn           Timo Meier               Conor Garland            30     1   2  2  
 3 Andrew Copp              Kasperi Kapanen          Kirill Marchenko         20     1   3  1  
 4 Casey Cizikas            Ryan Lomberg             Vladislav Namestnikov    10     3   2  0  

5 vs 5 Defense 
   Defense                  Defense                                           Time % Phy DF OF 
 1 Jared Spurgeon           Justin Faulk                                      40     0   3  2  
 2 Cam Fowler               Tyler Myers                                       33     1   3  1  
 3 Jacob Middleton          Dante Fabbro                                      26     2   2  1  
 4 Jared Spurgeon           Justin Faulk                                      1      1   2  2  

PowerPlay Forward 
   Center                   Left Wing                Right Wing               Time % Phy DF OF 
 1 Jamie Benn               Chris Kreider            Andrew Copp              60     1   2  2  
 2 Brayden Schenn           Timo Meier               Kasperi Kapanen          40     1   2  2  

PowerPlay Defense
   Defense                  Defense                                           Time % Phy DF OF 
 1 Jared Spurgeon           Justin Faulk                                      60     1   2  2  
 2 Cam Fowler               Tyler Myers                                       40     1   2  2  

Penalty Kill 4 Players Forward 
   Center                   Wing                     Time % Phy DF OF 
 1 Jamie Benn               Chris Kreider            60     1   2  2  
 2 Brayden Schenn           Timo Meier               40     1   2  2  

Penalty Kill 4 Players Defense
   Defense                  Defense                  Time % Phy DF OF 
 1 Jared Spurgeon           Justin Faulk             60     1   2  2  
 2 Cam Fowler               Tyler Myers              40     1   2  2  

Penalty Kill - 3 Players Forward 
   Forward                                           Time % Phy DF OF 
 1 Jamie Benn                                        60     1   2  2  
 2 Brayden Schenn                                    40     1   2  2  

Penalty Kill - 3 Players Defense
   Defense                  Defense                  Time % Phy DF OF 
 1 Jared Spurgeon           Justin Faulk             60     1   2  2  
 2 Cam Fowler               Tyler Myers              40     1   2  2  

4 vs 4 Forward 
   Center                   Wing                     Time % Phy DF OF 
 1 Jamie Benn               Chris Kreider            60     1   2  2  
 2 Brayden Schenn           Timo Meier               40     1   2  2  

4 vs 4 Defense
   Defense                  Defense                  Time % Phy DF OF 
 1 Jared Spurgeon           Justin Faulk             60     1   2  2  
 2 Cam Fowler               Tyler Myers              40     1   2  2  

Last Minutes Offensive
   Center                   Left Wing                Right Wing               Defense                  Defense                  
   Jamie Benn               Chris Kreider            Andrew Copp              Jared Spurgeon           Justin Faulk             

Last Minutes Defensive
   Center                   Left Wing                Right Wing               Defense                  Defense                  
   Jamie Benn               Chris Kreider            Andrew Copp              Jared Spurgeon           Justin Faulk             

Goaltenders
Starting : Linus Ullmark            
Backup : Joonas Korpisalo         

Extra Forwards
Normal : Brayden Schenn, Andrew Copp, Conor Garland - PP : Brayden Schenn, Andrew Copp - PK : Brayden Schenn
Extra Defensemen
Normal : Tyler Myers, Jacob Middleton, Dante Fabbro - PP : Tyler Myers - PK : Tyler Myers, Jacob Middleton
Penalty Shots
Jamie Benn, Chris Kreider, Timo Meier, Mats Zuccarello, Brayden Schenn

Scratches
Mason Shaw (Healthy), Eric Comrie (Healthy)

DETROIT Red Wings

5 vs 5 Forward 
   Center                   Left Wing                Right Wing               Time % Phy DF OF 
 1 Sidney Crosby            Bryan Rust               Zach Hyman               38     0   2  3  
 2 Ryan O'Reilly            Alex Ovechkin            Josh Anderson            36     0   2  3  
 3 Kevin Hayes              Corey Perry              Travis Boyd              16     0   3  2  
 4 Luke Glendening          Danton Heinen            Trevor Lewis             10     0   4  1  

5 vs 5 Defense 
   Defense                  Defense                                           Time % Phy DF OF 
 1 Seth Jones               Colton Parayko                                    35     1   2  2  
 2 Shayne Gostisbehere      Nikita Zadorov                                    34     1   2  2  
 3 Jeff Petry               T.J. Brodie                                       25     1   3  1  
 4 Seth Jones               Colton Parayko                                    6      1   2  2  

PowerPlay Forward 
   Center                   Left Wing                Right Wing               Time % Phy DF OF 
 1 Sidney Crosby            Bryan Rust               Zach Hyman               50     0   1  4  
 2 Ryan O'Reilly            Alex Ovechkin            Josh Anderson            50     0   1  4  

PowerPlay Defense
   Defense                  Defense                                           Time % Phy DF OF 
 1 Seth Jones               Colton Parayko                                    60     0   1  4  
 2 Shayne Gostisbehere      Jeff Petry                                        40     0   1  4  

Penalty Kill 4 Players Forward 
   Center                   Wing                     Time % Phy DF OF 
 1 Kevin Hayes              Travis Boyd              51     1   4  0  
 2 Luke Glendening          Trevor Lewis             49     1   4  0  

Penalty Kill 4 Players Defense
   Defense                  Defense                  Time % Phy DF OF 
 1 Nikita Zadorov           T.J. Brodie              51     1   4  0  
 2 Seth Jones               Colton Parayko           49     1   4  0  

Penalty Kill - 3 Players Forward 
   Forward                                           Time % Phy DF OF 
 1 Ryan O'Reilly                                     51     0   4  1  
 2 Luke Glendening                                   49     0   4  1  

Penalty Kill - 3 Players Defense
   Defense                  Defense                  Time % Phy DF OF 
 1 Nikita Zadorov           T.J. Brodie              51     0   4  1  
 2 Seth Jones               Colton Parayko           49     0   4  1  

4 vs 4 Forward 
   Center                   Wing                     Time % Phy DF OF 
 1 Sidney Crosby            Zach Hyman               60     0   2  3  
 2 Ryan O'Reilly            Alex Ovechkin            40     0   2  3  

4 vs 4 Defense
   Defense                  Defense                  Time % Phy DF OF 
 1 Seth Jones               Colton Parayko           60     0   2  3  
 2 Shayne Gostisbehere      Jeff Petry               40     0   2  3  

Last Minutes Offensive
   Center                   Left Wing                Right Wing               Defense                  Defense                  
   Sidney Crosby            Alex Ovechkin            Zach Hyman               Seth Jones               Colton Parayko           

Last Minutes Defensive
   Center                   Left Wing                Right Wing               Defense                  Defense                  
   Sidney Crosby            Alex Ovechkin            Zach Hyman               Seth Jones               Colton Parayko           

Goaltenders
Starting : John Gibson              
Backup : Calvin Pickard           

Extra Forwards
Normal : Corey Perry, Kevin Hayes, Trevor Lewis - PP : Corey Perry, Kevin Hayes - PK : Trevor Lewis
Extra Defensemen
Normal : Shayne Gostisbehere, Nikita Zadorov, Jeff Petry - PP : Shayne Gostisbehere - PK : T.J. Brodie, Jeff Petry
Penalty Shots
Sidney Crosby, Alex Ovechkin, Zach Hyman, Bryan Rust, Ryan O'Reilly

Scratches
Dakota Joshua (Healthy), Josh Archibald (Healthy), Zach Whitecloud (Healthy)

% Time on Ice - NEW YORK Rangers

Lines # - Real PCT - Wanted PCT - Time Play
Normal Forward
1 - 34% - 40% - 13:45
2 - 32% - 30% - 12:54
3 - 24% - 20% - 9:52
4 - 11% - 10% - 4:19
Normal Defense
1 - 39% - 40% - 16:04
2 - 30% - 33% - 12:16
3 - 31% - 26% - 12:30
4 - 0% - 1% - 0:00
PP Forward
1 - 41% - 60% - 0:32
2 - 59% - 40% - 0:47
PP Defense
1 - 59% - 60% - 0:47
2 - 41% - 40% - 0:32
PK Forward
1 - 66% - 60% - 10:02
2 - 34% - 40% - 5:07
PK Defense
1 - 50% - 60% - 7:36
2 - 50% - 40% - 7:33
PK3 Forward
1 - 76% - 60% - 1:02
2 - 24% - 40% - 0:20
PK3 Defense
1 - 35% - 60% - 0:29
2 - 65% - 40% - 0:53
44 Forward
1 - 100% - 60% - 0:40
2 - 0% - 40% - 0:00
44 Defense
1 - 0% - 60% - 0:00
2 - 100% - 40% - 0:40
Last Minute Offensive  - 0:00
Last Minute Defensive  - 0:40
Total
Forward - 60:00
Defense - 60:00

% Time on Ice - DETROIT Red Wings

Lines # - Real PCT - Wanted PCT - Time Play
Normal Forward
1 - 29% - 38% - 11:50
2 - 28% - 36% - 11:25
3 - 26% - 16% - 10:29
4 - 17% - 10% - 7:06
Normal Defense
1 - 36% - 35% - 14:34
2 - 33% - 34% - 13:27
3 - 31% - 25% - 12:49
4 - 0% - 6% - 0:00
PP Forward
1 - 47% - 50% - 7:42
2 - 53% - 50% - 8:49
PP Defense
1 - 58% - 60% - 9:33
2 - 42% - 40% - 6:58
PK Forward
1 - 49% - 51% - 0:39
2 - 51% - 49% - 0:40
PK Defense
1 - 49% - 51% - 0:39
2 - 51% - 49% - 0:40
PK3 Forward
1 - 0% - 51%
2 - 0% - 49%
PK3 Defense
1 - 0% - 51%
2 - 0% - 49%
44 Forward
1 - 100% - 60% - 0:40
2 - 0% - 40% - 0:00
44 Defense
1 - 0% - 60% - 0:00
2 - 100% - 40% - 0:40
Last Minute Offensive  - 0:40
Last Minute Defensive  - 0:00
Total
Forward - 60:00
Defense - 60:00

Play-by-Play

1st period


0:01 of 1st period - Sidney Crosby wins face-off versus Jamie Benn in neutral zone.
0:29 of 1st period - Shot by Jamie Benn.
0:29 of 1st period - Shot Misses the Net.
0:31 of 1st period - Shot by Jamie Benn.
0:31 of 1st period - Stopped by John Gibson without a rebound.
0:32 of 1st period - Ryan O'Reilly wins face-off versus Timo Meier in DETROIT Red Wings zone.
1:03 of 1st period - Shot by Timo Meier.
1:03 of 1st period - Shot Misses the Net.
1:24 of 1st period - Icing by Cam Fowler.
1:25 of 1st period - Kevin Hayes wins face-off versus Brayden Schenn in NEW YORK Rangers zone.
1:32 of 1st period - Shot by Travis Boyd.
1:32 of 1st period - Stopped by Linus Ullmark without a rebound.
1:33 of 1st period - Danton Heinen wins face-off versus Kirill Marchenko in NEW YORK Rangers zone.
1:45 of 1st period - Icing by T.J. Brodie.
1:46 of 1st period - Luke Glendening wins face-off versus Casey Cizikas in DETROIT Red Wings zone.
2:00 of 1st period - Minor Penalty to Justin Faulk for Slashing.
2:01 of 1st period - Jamie Benn wins face-off versus Bryan Rust in NEW YORK Rangers zone.
2:01 of 1st period - Jamie Benn is hit by Sidney Crosby.
2:13 of 1st period - Shot by Colton Parayko.
2:13 of 1st period - Stopped by Linus Ullmark without a rebound.
2:14 of 1st period - Jamie Benn wins face-off versus Ryan O'Reilly in NEW YORK Rangers zone.
2:36 of 1st period - Shot by Shayne Gostisbehere.
2:36 of 1st period - Shot Blocked by Jared Spurgeon.
2:37 of 1st period - Minor Penalty to Tyler Myers for Slashing.
2:38 of 1st period - Sidney Crosby wins face-off versus Jamie Benn in NEW YORK Rangers zone.
3:18 of 1st period - Shot by Bryan Rust.
3:18 of 1st period - Shot Blocked by Jared Spurgeon.
3:46 of 1st period - Jacob Middleton is hit by Josh Anderson and loses puck.
4:41 of 1st period - Shot by Corey Perry.
4:41 of 1st period - Stopped by Linus Ullmark without a rebound.
4:42 of 1st period - Andrew Copp wins face-off versus Kevin Hayes in NEW YORK Rangers zone.
5:37 of 1st period - Shot by Justin Faulk.
5:37 of 1st period - Stopped by John Gibson with a rebound.
5:56 of 1st period - Justin Faulk is hit by Sidney Crosby and loses puck.
6:40 of 1st period - Minor Penalty to Chris Kreider for Holding.
6:41 of 1st period - Ryan O'Reilly wins face-off versus Jamie Benn in NEW YORK Rangers zone.
6:42 of 1st period - Shot by Shayne Gostisbehere.
6:42 of 1st period - Stopped by Linus Ullmark without a rebound.
6:43 of 1st period - Ryan O'Reilly wins face-off versus Jamie Benn in NEW YORK Rangers zone.
6:50 of 1st period - Shot by Alex Ovechkin.
6:50 of 1st period - Stopped by Linus Ullmark without a rebound.
6:51 of 1st period - Ryan O'Reilly wins face-off versus Jamie Benn in NEW YORK Rangers zone.
6:54 of 1st period - Shot by Seth Jones.
6:54 of 1st period - Shot Misses the Net.
8:04 of 1st period - Shot by Sidney Crosby.
8:04 of 1st period - Shot Misses the Net.
10:38 of 1st period - Minor Penalty to Jamie Benn for Tripping.
10:39 of 1st period - Sidney Crosby wins face-off versus Brayden Schenn in NEW YORK Rangers zone.
10:54 of 1st period - Shot by Seth Jones.
10:54 of 1st period - Stopped by Linus Ullmark without a rebound.
10:55 of 1st period - Ryan O'Reilly wins face-off versus Brayden Schenn in NEW YORK Rangers zone.
11:22 of 1st period - Shot by Seth Jones.
11:22 of 1st period - Shot Misses the Net.
11:24 of 1st period - Shot by Seth Jones.
11:24 of 1st period - Stopped by Linus Ullmark without a rebound.
11:25 of 1st period - Sidney Crosby wins face-off versus Brayden Schenn in NEW YORK Rangers zone.
11:25 of 1st period - Sidney Crosby is hit by Tyler Myers.
12:01 of 1st period - Shot by Jeff Petry.
12:01 of 1st period - Shot Misses the Net.
12:03 of 1st period - Shot by Jeff Petry.
12:03 of 1st period - Shot Misses the Net.
12:18 of 1st period - Icing by Seth Jones.
12:19 of 1st period - Ryan O'Reilly wins face-off versus Brayden Schenn in DETROIT Red Wings zone.
13:10 of 1st period - Icing by Nikita Zadorov.
13:11 of 1st period - Brayden Schenn wins face-off versus Kevin Hayes in DETROIT Red Wings zone.
13:25 of 1st period - Nikita Zadorov is hit by Brayden Schenn and loses puck.
13:34 of 1st period - Shot by Conor Garland.
13:34 of 1st period - Stopped by John Gibson without a rebound.
13:35 of 1st period - Jamie Benn wins face-off versus Bryan Rust in DETROIT Red Wings zone.
13:48 of 1st period - Shot by Chris Kreider.
13:48 of 1st period - Stopped by John Gibson with a rebound.
13:50 of 1st period - Shot by Mats Zuccarello.
13:50 of 1st period - Stopped by John Gibson without a rebound.
13:51 of 1st period - Ryan O'Reilly wins face-off versus Andrew Copp in DETROIT Red Wings zone.
13:53 of 1st period - Icing by T.J. Brodie.
13:54 of 1st period - Ryan O'Reilly wins face-off versus Jamie Benn in DETROIT Red Wings zone.
13:59 of 1st period - Shot by Ryan O'Reilly.
13:59 of 1st period - Stopped by Linus Ullmark with a rebound.
14:04 of 1st period - Icing by Mats Zuccarello.
14:05 of 1st period - Jamie Benn wins face-off versus Sidney Crosby in NEW YORK Rangers zone.
14:40 of 1st period - Shot by Jamie Benn.
14:40 of 1st period - Stopped by John Gibson without a rebound.
14:41 of 1st period - Conor Garland wins face-off versus Ryan O'Reilly in DETROIT Red Wings zone.
14:55 of 1st period - Off-side.
14:56 of 1st period - Luke Glendening wins face-off versus Andrew Copp in neutral zone.
15:01 of 1st period - Shot by Trevor Lewis.
15:01 of 1st period - Stopped by Linus Ullmark without a rebound.
15:02 of 1st period - Jamie Benn wins face-off versus Alex Ovechkin in NEW YORK Rangers zone.
15:02 of 1st period - Jamie Benn is hit by Alex Ovechkin.
15:08 of 1st period - Mats Zuccarello is hit by Alex Ovechkin and loses puck.
15:37 of 1st period - Minor Penalty to Jamie Benn for Roughing.
15:38 of 1st period - Brayden Schenn wins face-off versus Sidney Crosby in NEW YORK Rangers zone.
15:49 of 1st period - Shot by Shayne Gostisbehere.
15:49 of 1st period - Shot Misses the Net.
15:51 of 1st period - Shot by Shayne Gostisbehere.
15:51 of 1st period - Stopped by Linus Ullmark without a rebound.
15:52 of 1st period - Brayden Schenn wins face-off versus Sidney Crosby in NEW YORK Rangers zone.
16:11 of 1st period - Shot by Sidney Crosby.
16:11 of 1st period - Shot Misses the Net.
16:13 of 1st period - Shot by Bryan Rust.
16:13 of 1st period - Shot Misses the Net.
16:15 of 1st period - Shot by Zach Hyman.
16:15 of 1st period - Shot Misses the Net.
16:17 of 1st period - Shot by Seth Jones.
16:17 of 1st period - Stopped by Linus Ullmark with a rebound.
16:33 of 1st period - Shot by Zach Hyman.
16:33 of 1st period - Stopped by Linus Ullmark without a rebound.
16:34 of 1st period - Brayden Schenn wins face-off versus Ryan O'Reilly in NEW YORK Rangers zone.
16:48 of 1st period - Josh Anderson is hit by Tyler Myers and loses puck.
18:09 of 1st period - Shot by Shayne Gostisbehere.
18:09 of 1st period - Shot Hit the Post.
18:56 of 1st period - Kasperi Kapanen is hit by Zach Hyman and loses puck.
19:21 of 1st period - Shot by Zach Hyman.
19:21 of 1st period - Shot Blocked by Jared Spurgeon.
19:27 of 1st period - Shot by Bryan Rust.
19:27 of 1st period - Stopped by Linus Ullmark without a rebound.
19:28 of 1st period - Jamie Benn wins face-off versus Ryan O'Reilly in NEW YORK Rangers zone.
19:41 of 1st period - Icing by Tyler Myers.
19:42 of 1st period - Jamie Benn wins face-off versus Kevin Hayes in NEW YORK Rangers zone.
19:42 of 1st period - Jamie Benn is hit by Kevin Hayes.
19:48 of 1st period - Shot by Cam Fowler.
19:48 of 1st period - Shot Misses the Net.
19:53 of 1st period - Jeff Petry is hit by Chris Kreider and loses puck.
19:57 of 1st period - T.J. Brodie is hit by Tyler Myers and loses puck.
Goals for this period are 0 for NEW YORK Rangers vs 0 for DETROIT Red Wings.
Shots for this period are 6 for NEW YORK Rangers vs 13 for DETROIT Red Wings.

2nd period


0:01 of 2nd period - Jamie Benn wins face-off versus Alex Ovechkin in neutral zone.
0:29 of 2nd period - Colton Parayko is hit by Jamie Benn and loses puck.
0:42 of 2nd period - Shot by Alex Ovechkin.
0:42 of 2nd period - Shot Blocked by Jamie Benn.
0:44 of 2nd period - Shot by Seth Jones.
0:44 of 2nd period - Stopped by Linus Ullmark with a rebound.
0:46 of 2nd period - Shot by Ryan O'Reilly.
0:46 of 2nd period - Deflect By Alex Ovechkin.
0:46 of 2nd period - Stopped by Linus Ullmark without a rebound.
0:47 of 2nd period - Sidney Crosby wins face-off versus Brayden Schenn in NEW YORK Rangers zone.
1:01 of 2nd period - Sidney Crosby is hit by Timo Meier.
1:05 of 2nd period - Shot by Zach Hyman.
1:05 of 2nd period - Deflect By Sidney Crosby.
1:05 of 2nd period - Stopped by Linus Ullmark without a rebound.
1:06 of 2nd period - Kevin Hayes wins face-off versus Andrew Copp in NEW YORK Rangers zone.
2:04 of 2nd period - Icing by Jared Spurgeon.
2:05 of 2nd period - Jamie Benn wins face-off versus Sidney Crosby in NEW YORK Rangers zone.
2:26 of 2nd period - Shot by Zach Hyman.
2:26 of 2nd period - Shot Blocked by Chris Kreider.
2:28 of 2nd period - Shot by Zach Hyman.
2:28 of 2nd period - Shot Blocked by Jared Spurgeon.
2:30 of 2nd period - Shot by Shayne Gostisbehere.
2:30 of 2nd period - Shot Misses the Net.
2:32 of 2nd period - Shot by Zach Hyman.
2:32 of 2nd period - Stopped by Linus Ullmark with a rebound.
3:18 of 2nd period - Alex Ovechkin is hit by Tyler Myers and loses puck.
3:25 of 2nd period - Shot by Alex Ovechkin.
3:25 of 2nd period - Shot Misses the Net.
3:27 of 2nd period - Shot by Alex Ovechkin.
3:27 of 2nd period - Stopped by Linus Ullmark without a rebound.
3:28 of 2nd period - Luke Glendening wins face-off versus Casey Cizikas in NEW YORK Rangers zone.
3:35 of 2nd period - Shot by Luke Glendening.
3:35 of 2nd period - Shot Blocked by Jacob Middleton.
3:37 of 2nd period - Shot by Danton Heinen.
3:37 of 2nd period - Shot Misses the Net.
3:39 of 2nd period - Shot by Trevor Lewis.
3:39 of 2nd period - Deflect By Danton Heinen.
3:39 of 2nd period - Stopped by Linus Ullmark with a rebound.
3:41 of 2nd period - Shot by Danton Heinen.
3:41 of 2nd period - Stopped by Linus Ullmark without a rebound.
3:42 of 2nd period - Kirill Marchenko wins face-off versus Ryan O'Reilly in NEW YORK Rangers zone.
3:55 of 2nd period - Shot by Kasperi Kapanen.
3:55 of 2nd period - Stopped by John Gibson without a rebound.
3:56 of 2nd period - Luke Glendening wins face-off versus Jamie Benn in DETROIT Red Wings zone.
4:10 of 2nd period - Shot by Luke Glendening.
4:10 of 2nd period - Stopped by Linus Ullmark without a rebound.
4:11 of 2nd period - Brayden Schenn wins face-off versus Ryan O'Reilly in NEW YORK Rangers zone.
4:11 of 2nd period - Cam Fowler is hit by Josh Anderson and loses puck.
4:19 of 2nd period - Timo Meier is hit by Seth Jones and loses puck.
4:23 of 2nd period - Icing by Seth Jones.
4:24 of 2nd period - Mats Zuccarello wins face-off versus Ryan O'Reilly in DETROIT Red Wings zone.
4:24 of 2nd period - Jamie Benn is hit by Seth Jones and loses puck.
5:05 of 2nd period - Justin Faulk is hit by Alex Ovechkin and loses puck.
7:04 of 2nd period - Conor Garland is hit by Seth Jones.
7:21 of 2nd period - Off-side.
7:22 of 2nd period - Sidney Crosby wins face-off versus Andrew Copp in neutral zone.
8:07 of 2nd period - Shot by Bryan Rust.
8:07 of 2nd period - Shot Misses the Net.
8:27 of 2nd period - Shot by Ryan O'Reilly.
8:27 of 2nd period - Shot Blocked by Andrew Copp.
8:55 of 2nd period - Icing by Seth Jones.
8:56 of 2nd period - Ryan O'Reilly wins face-off versus Conor Garland in DETROIT Red Wings zone.
8:56 of 2nd period - Seth Jones is hit by Brayden Schenn and loses puck.
9:02 of 2nd period - Colton Parayko is hit by Tyler Myers and loses puck.
9:05 of 2nd period - Shot by Colton Parayko.
9:05 of 2nd period - Shot Hit the Post.
9:07 of 2nd period - Shot by Seth Jones.
9:07 of 2nd period - Stopped by Linus Ullmark without a rebound.
9:08 of 2nd period - Jamie Benn wins face-off versus Luke Glendening in NEW YORK Rangers zone.
9:08 of 2nd period - Jamie Benn is hit by Trevor Lewis.
9:50 of 2nd period - Icing by Justin Faulk.
9:51 of 2nd period - Jamie Benn wins face-off versus Sidney Crosby in NEW YORK Rangers zone.
10:08 of 2nd period - Jamie Benn is hit by Zach Hyman.
10:12 of 2nd period - Bryan Rust is hit by Chris Kreider and loses puck.
10:24 of 2nd period - Minor Penalty to Timo Meier for Interference.
10:25 of 2nd period - Ryan O'Reilly wins face-off versus Brayden Schenn in NEW YORK Rangers zone.
10:30 of 2nd period - Shot by Colton Parayko.
10:30 of 2nd period - Shot Misses the Net.
10:32 of 2nd period - Shot by Seth Jones.
10:32 of 2nd period - Stopped by Linus Ullmark without a rebound.
10:33 of 2nd period - Ryan O'Reilly wins face-off versus Brayden Schenn in NEW YORK Rangers zone.
11:21 of 2nd period - Icing by Colton Parayko.
11:22 of 2nd period - Ryan O'Reilly wins face-off versus Jamie Benn in DETROIT Red Wings zone.
11:42 of 2nd period - Off-side.
11:43 of 2nd period - Brayden Schenn wins face-off versus Sidney Crosby in neutral zone.
11:43 of 2nd period - Minor Penalty to Sidney Crosby for Tripping.
11:44 of 2nd period - Jamie Benn wins face-off versus Corey Perry in DETROIT Red Wings zone.
11:49 of 2nd period - Shot by Jamie Benn.
11:49 of 2nd period - Deflect By Chris Kreider.
11:49 of 2nd period - Stopped by John Gibson with a rebound.
12:13 of 2nd period - Shot by Zach Hyman.
12:13 of 2nd period - Deflect By Corey Perry.
12:13 of 2nd period - Stopped by Linus Ullmark with a rebound.
12:43 of 2nd period - Shot by Brayden Schenn.
12:43 of 2nd period - Stopped by John Gibson with a rebound.
13:06 of 2nd period - Shot by Brayden Schenn.
13:06 of 2nd period - Stopped by John Gibson without a rebound.
13:07 of 2nd period - Jamie Benn wins face-off versus Luke Glendening in DETROIT Red Wings zone.
13:20 of 2nd period - Shot by Jamie Benn.
13:20 of 2nd period - Deflect By Andrew Copp.
13:20 of 2nd period - Stopped by John Gibson without a rebound.
13:21 of 2nd period - Brayden Schenn wins face-off versus Kevin Hayes in DETROIT Red Wings zone.
13:24 of 2nd period - Shot by Brayden Schenn.
13:24 of 2nd period - Deflect By Timo Meier.
13:24 of 2nd period - Stopped by John Gibson without a rebound.
13:25 of 2nd period - Kevin Hayes wins face-off versus Jamie Benn in DETROIT Red Wings zone.
13:41 of 2nd period - Icing by Chris Kreider.
13:42 of 2nd period - Jamie Benn wins face-off versus Kevin Hayes in NEW YORK Rangers zone.
14:37 of 2nd period - Sidney Crosby is hit by Vladislav Namestnikov and loses puck.
14:50 of 2nd period - Shot by Casey Cizikas.
14:50 of 2nd period - Stopped by John Gibson without a rebound.
14:51 of 2nd period - Ryan O'Reilly wins face-off versus Jamie Benn in DETROIT Red Wings zone.
14:58 of 2nd period - Chris Kreider is hit by Nikita Zadorov and loses puck.
15:32 of 2nd period - Mats Zuccarello is hit by Nikita Zadorov and loses puck.
15:36 of 2nd period - Chris Kreider is hit by Nikita Zadorov.
15:53 of 2nd period - Vladislav Namestnikov is hit by T.J. Brodie and loses puck.
16:01 of 2nd period - Off-side.
16:02 of 2nd period - Luke Glendening wins face-off versus Brayden Schenn in neutral zone.
16:06 of 2nd period - T.J. Brodie is hit by Justin Faulk and loses puck.
16:38 of 2nd period - Conor Garland is hit by Jeff Petry and loses puck.
17:00 of 2nd period - Icing by Cam Fowler.
17:01 of 2nd period - Sidney Crosby wins face-off versus Andrew Copp in NEW YORK Rangers zone.
17:05 of 2nd period - Minor Penalty to Tyler Myers for Holding Stick.
17:06 of 2nd period - Sidney Crosby wins face-off versus Jamie Benn in NEW YORK Rangers zone.
17:11 of 2nd period - Shot by Sidney Crosby.
17:11 of 2nd period - Shot Misses the Net.
17:20 of 2nd period - Sidney Crosby is hit by Jacob Middleton and loses puck.
17:52 of 2nd period - Shot by Brayden Schenn.
17:52 of 2nd period - Deflect By Timo Meier.
17:52 of 2nd period - Shot Misses the Net.
18:26 of 2nd period - Shot by Shayne Gostisbehere.
18:26 of 2nd period - Stopped by Linus Ullmark with a rebound.
18:43 of 2nd period - Shot by Jeff Petry.
18:43 of 2nd period - Stopped by Linus Ullmark without a rebound.
18:44 of 2nd period - Brayden Schenn wins face-off versus Ryan O'Reilly in NEW YORK Rangers zone.
19:13 of 2nd period - Shot by Jared Spurgeon.
19:13 of 2nd period - Shot Misses the Net.
19:35 of 2nd period - Shot by Travis Boyd.
19:35 of 2nd period - Shot Hit the Post.
19:37 of 2nd period - Shot by Kevin Hayes.
19:37 of 2nd period - Deflect By Travis Boyd.
19:37 of 2nd period - Stopped by Linus Ullmark without a rebound.
19:38 of 2nd period - Luke Glendening wins face-off versus Casey Cizikas in NEW YORK Rangers zone.
Goals for this period are 0 for NEW YORK Rangers vs 0 for DETROIT Red Wings.
Shots for this period are 7 for NEW YORK Rangers vs 14 for DETROIT Red Wings.

3rd period


0:01 of 3rd period - Ryan O'Reilly wins face-off versus Jamie Benn in neutral zone.
1:04 of 3rd period - Shot by Conor Garland.
1:04 of 3rd period - Shot Misses the Net.
1:29 of 3rd period - Shot by Conor Garland.
1:29 of 3rd period - Goal by Conor Garland - NEW YORK Rangers : 1 - DETROIT Red Wings : 0.
1:30 of 3rd period - Kirill Marchenko wins face-off versus Sidney Crosby in neutral zone.
1:30 of 3rd period - Kirill Marchenko is hit by Sidney Crosby.
1:33 of 3rd period - Jacob Middleton is hit by Nikita Zadorov and loses puck.
1:47 of 3rd period - Icing by Dante Fabbro.
1:48 of 3rd period - Kevin Hayes wins face-off versus Andrew Copp in NEW YORK Rangers zone.
2:09 of 3rd period - T.J. Brodie is hit by Andrew Copp and loses puck.
3:13 of 3rd period - Sidney Crosby is hit by Kasperi Kapanen and loses puck.
3:21 of 3rd period - Minor Penalty to Andrew Copp for Unsportsmanlike conduct.
3:22 of 3rd period - Jamie Benn wins face-off versus Alex Ovechkin in NEW YORK Rangers zone.
4:11 of 3rd period - Jared Spurgeon is hit by Josh Anderson and loses puck.
4:34 of 3rd period - Shot by Zach Hyman.
4:34 of 3rd period - Shot Misses the Net.
6:28 of 3rd period - Shot by Mats Zuccarello.
6:28 of 3rd period - Deflect By Jamie Benn.
6:28 of 3rd period - Shot Misses the Net.
6:30 of 3rd period - Shot by Jacob Middleton.
6:30 of 3rd period - Stopped by John Gibson without a rebound.
6:31 of 3rd period - Luke Glendening wins face-off versus Brayden Schenn in DETROIT Red Wings zone.
6:31 of 3rd period - Luke Glendening is hit by Brayden Schenn.
6:44 of 3rd period - Trevor Lewis is hit by Justin Faulk and loses puck.
6:56 of 3rd period - Danton Heinen is hit by Justin Faulk and loses puck.
7:27 of 3rd period - Shot by Andrew Copp.
7:27 of 3rd period - Shot Misses the Net.
7:29 of 3rd period - Shot by Kasperi Kapanen.
7:29 of 3rd period - Deflect By Andrew Copp.
7:29 of 3rd period - Goal by Andrew Copp - NEW YORK Rangers : 2 - DETROIT Red Wings : 0.
7:30 of 3rd period - Sidney Crosby wins face-off versus Mats Zuccarello in neutral zone.
7:51 of 3rd period - Shot by Chris Kreider.
7:51 of 3rd period - Goal by Chris Kreider - NEW YORK Rangers : 3 - DETROIT Red Wings : 0.
7:52 of 3rd period - Casey Cizikas wins face-off versus Ryan O'Reilly in neutral zone.
8:13 of 3rd period - Shot by Alex Ovechkin.
8:13 of 3rd period - Goal by Alex Ovechkin - NEW YORK Rangers : 3 - DETROIT Red Wings : 1.
8:14 of 3rd period - Sidney Crosby wins face-off versus Jamie Benn in neutral zone.
8:20 of 3rd period - Icing by Justin Faulk.
8:21 of 3rd period - Sidney Crosby wins face-off versus Jamie Benn in NEW YORK Rangers zone.
8:21 of 3rd period - Zach Hyman is hit by Justin Faulk and loses puck.
8:40 of 3rd period - Jared Spurgeon is hit by Zach Hyman and loses puck.
8:45 of 3rd period - Shot by Zach Hyman.
8:45 of 3rd period - The goal is going for a video replay.
8:45 of 3rd period - The goal is good.
8:45 of 3rd period - Goal by Zach Hyman - NEW YORK Rangers : 3 - DETROIT Red Wings : 2.
8:46 of 3rd period - Brayden Schenn wins face-off versus Josh Anderson in neutral zone.
8:48 of 3rd period - Off-side.
8:49 of 3rd period - Ryan O'Reilly wins face-off versus Brayden Schenn in neutral zone.
8:57 of 3rd period - Icing by Timo Meier.
8:58 of 3rd period - Brayden Schenn wins face-off versus Sidney Crosby in NEW YORK Rangers zone.
8:58 of 3rd period - Brayden Schenn is hit by Zach Hyman.
9:06 of 3rd period - Shot by Conor Garland.
9:06 of 3rd period - Shot Blocked by Colton Parayko.
9:13 of 3rd period - Bryan Rust is hit by Tyler Myers and loses puck.
9:29 of 3rd period - Bryan Rust is hit by Tyler Myers and loses puck.
9:35 of 3rd period - Bryan Rust is hit by Tyler Myers and loses puck.
9:56 of 3rd period - Icing by Timo Meier.
9:57 of 3rd period - Brayden Schenn wins face-off versus Ryan O'Reilly in NEW YORK Rangers zone.
9:57 of 3rd period - Brayden Schenn is hit by Josh Anderson.
10:09 of 3rd period - Shot by Alex Ovechkin.
10:09 of 3rd period - Stopped by Linus Ullmark with a rebound.
10:11 of 3rd period - Shot by Nikita Zadorov.
10:11 of 3rd period - Stopped by Linus Ullmark without a rebound.
10:12 of 3rd period - Jamie Benn wins face-off versus Travis Boyd in NEW YORK Rangers zone.
10:12 of 3rd period - Jamie Benn is hit by Corey Perry.
11:03 of 3rd period - Icing by Jamie Benn.
11:04 of 3rd period - Jamie Benn wins face-off versus Ryan O'Reilly in NEW YORK Rangers zone.
11:35 of 3rd period - Shot by Alex Ovechkin.
11:35 of 3rd period - Shot Blocked by Justin Faulk.
11:37 of 3rd period - Shot by Josh Anderson.
11:37 of 3rd period - Shot Misses the Net.
11:39 of 3rd period - Shot by Alex Ovechkin.
11:39 of 3rd period - Deflect By Ryan O'Reilly.
11:39 of 3rd period - Shot Misses the Net.
12:16 of 3rd period - Sidney Crosby is hit by Tyler Myers and loses puck.
12:29 of 3rd period - Shot by Zach Hyman.
12:29 of 3rd period - Shot Blocked by Tyler Myers.
13:37 of 3rd period - Minor Penalty to Kasperi Kapanen for Slashing.
13:38 of 3rd period - Brayden Schenn wins face-off versus Ryan O'Reilly in NEW YORK Rangers zone.
13:51 of 3rd period - Shot by Colton Parayko.
13:51 of 3rd period - Stopped by Linus Ullmark without a rebound.
13:52 of 3rd period - Sidney Crosby wins face-off versus Jamie Benn in NEW YORK Rangers zone.
13:59 of 3rd period - Shot by Sidney Crosby.
13:59 of 3rd period - Stopped by Linus Ullmark without a rebound.
14:00 of 3rd period - Timo Meier wins face-off versus Sidney Crosby in NEW YORK Rangers zone.
16:13 of 3rd period - Shot by Shayne Gostisbehere.
16:13 of 3rd period - Shot Misses the Net.
16:55 of 3rd period - Shot by Justin Faulk.
16:55 of 3rd period - Shot Misses the Net.
16:57 of 3rd period - Shot by Justin Faulk.
16:57 of 3rd period - Shot Blocked by Jeff Petry.
16:59 of 3rd period - Shot by Mats Zuccarello.
16:59 of 3rd period - Shot Misses the Net.
17:01 of 3rd period - Shot by Justin Faulk.
17:01 of 3rd period - Stopped by John Gibson without a rebound.
17:02 of 3rd period - Sidney Crosby wins face-off versus Andrew Copp in DETROIT Red Wings zone.
17:02 of 3rd period - Sidney Crosby is hit by Kasperi Kapanen.
17:16 of 3rd period - Shot by Zach Hyman.
17:16 of 3rd period - Shot Misses the Net.
17:18 of 3rd period - Shot by Zach Hyman.
17:18 of 3rd period - Shot Misses the Net.
17:19 of 3rd period - Minor Penalty to Jared Spurgeon for Tripping.
17:20 of 3rd period - Jamie Benn wins face-off versus Ryan O'Reilly in NEW YORK Rangers zone.
17:35 of 3rd period - Shot by Seth Jones.
17:35 of 3rd period - Deflect By Alex Ovechkin.
17:35 of 3rd period - Stopped by Linus Ullmark without a rebound.
17:36 of 3rd period - Sidney Crosby wins face-off versus Jamie Benn in NEW YORK Rangers zone.
18:01 of 3rd period - Shot by Sidney Crosby.
18:01 of 3rd period - Goal by Sidney Crosby - NEW YORK Rangers : 3 - DETROIT Red Wings : 3.
18:02 of 3rd period - Brayden Schenn wins face-off versus Ryan O'Reilly in neutral zone.
18:20 of 3rd period - Colton Parayko is hit by Jacob Middleton and loses puck.
18:42 of 3rd period - Shot by Timo Meier.
18:42 of 3rd period - Stopped by John Gibson with a rebound.
19:02 of 3rd period - Shot by Chris Kreider.
19:02 of 3rd period - Goal by Chris Kreider - NEW YORK Rangers : 4 - DETROIT Red Wings : 3.
19:03 of 3rd period - Sidney Crosby wins face-off versus Jamie Benn in neutral zone.
19:10 of 3rd period - DETROIT Red Wings, John Gibson is pulled from the net.
19:42 of 3rd period - Shot by Zach Hyman.
19:42 of 3rd period - Goal by Zach Hyman - NEW YORK Rangers : 4 - DETROIT Red Wings : 4.
19:42 of 3rd period - John Gibson from DETROIT Red Wings was sent back in the game.
19:43 of 3rd period - Luke Glendening wins face-off versus Casey Cizikas in neutral zone.
19:53 of 3rd period - Icing by Tyler Myers.
19:54 of 3rd period - Casey Cizikas wins face-off versus Trevor Lewis in NEW YORK Rangers zone.
Goals for this period are 4 for NEW YORK Rangers vs 4 for DETROIT Red Wings.
Shots for this period are 7 for NEW YORK Rangers vs 9 for DETROIT Red Wings.

Overtime #1


0:01 of 1st overtime period - Andrew Copp wins face-off versus Luke Glendening in neutral zone.
0:10 of 1st overtime period - Shot by Chris Kreider.
0:10 of 1st overtime period - Stopped by John Gibson without a rebound.
0:11 of 1st overtime period - Vladislav Namestnikov wins face-off versus Luke Glendening in DETROIT Red Wings zone.
0:22 of 1st overtime period - Shot by Alex Ovechkin.
0:22 of 1st overtime period - Shot Blocked by Tyler Myers.
0:24 of 1st overtime period - Shot by Alex Ovechkin.
0:24 of 1st overtime period - Stopped by Linus Ullmark with a rebound.
0:26 of 1st overtime period - Shot by Nikita Zadorov.
0:26 of 1st overtime period - Stopped by Linus Ullmark with a rebound.
0:28 of 1st overtime period - Shot by Alex Ovechkin.
0:28 of 1st overtime period - Goal by Alex Ovechkin - NEW YORK Rangers : 4 - DETROIT Red Wings : 5.
Goals for this period are 0 for NEW YORK Rangers vs 1 for DETROIT Red Wings.
Shots for this period are 1 for NEW YORK Rangers vs 3 for DETROIT Red Wings. Output by the SimonT Hockey Simulator (STHS) for Martin Benoit - Original Page W3C HTML5 Valid
Hockey Simulator - Hockey Simulation - Hockey Manager